 Dungeon Crawl Stone Soup version 0.31-a0-1-g4198be8af4 (webtiles) character file.

Game seed: 12611812514219909460

1401 qeuew the Covered (level 8, -2/69 (70) HPs)
             Began as a Minotaur Fighter on May 1, 2023.
             Slain by an orc warrior
             ... wielding a +0 glaive
              (11 damage)
             ... on level 6 of the Dungeon on May 2, 2023.
             The game lasted 00:05:41 (4484 turns).

qeuew the Covered (Minotaur Fighter)                Turns: 4484, Time: 00:05:41

HP:   -2/69 (70)    AC:  8    Str: 20    XL:     8   Next: 41%
MP:   7/7           EV: 16    Int:  5    God:
Gold: 288           SH:  5    Dex: 13    Spells: 7/7 levels left

rFire   . . .        a - +1 war axe
rCold   . . .        c - +0 buckler
rNeg    . . .        b - +0 scale mail
rPois   .            (helmet restricted)
rElec   .            (no cloak)
rCorr   .            (no gloves)
SInv    .            (no boots)
Will    +....        k - amulet of regeneration Stlth
                     f - ring of willpower
HPRegen 1.11/turn    p - +5 ring of evasion
MPRegen 0.10/turn

%: no passive effects
@: lightly drained
A: horns 2, retaliatory headbutt
a: no special abilities


You were on level 6 of the Dungeon.
You visited 1 branch of the dungeon, and saw 6 of its levels.
You also visited: Sewer.

You collected 288 gold pieces.

Inventory:

Hand Weapons
 a - a +1 war axe (weapon)
Armour
 b - a +0 scale mail (worn)
 c - a +0 buckler (worn)
Jewellery
 f - a ring of willpower (left hand)
 k - an amulet of regeneration (around neck)
 p - a +5 ring of evasion (right hand)
Wands
 j - a wand of flame (12)
 l - a wand of acid (7)
 n - a wand of iceblast (2)
 o - a wand of digging (5)
 u - a wand of mindburst (7)
Scrolls
 e - 3 scrolls of teleportation
 i - 2 scrolls of blinking
Potions
 d - a potion of cancellation
 g - a potion of haste
 h - 3 potions of curing


   Skills:
 + Level 6.0 Fighting
 + Level 5.5 Axes
 * Level 7.8 Armour
 + Level 4.2 Dodging
 + Level 6.1 Shields
 + Level 2.2 Evocations


You had 7 spell levels left.
You didn't know any spells.
Your spell library was empty.

Dungeon Overview and Level Annotations

Branches:
Dungeon (6/15)              Sewer (visited)
 Temple: D:4-7

Altars:
Cheibriados
Dithmenos
Elyvilon
Fedhas
Hepliaklqana
Uskayaw
Yredelemnul

Shops:
D:4 (

Annotations:
D:2 1 runed translucent door, Crazy Yiuf


Innate Abilities, Weirdness & Mutations

You have a pair of horns on your head.
You reflexively headbutt those who attack you in melee.


Message History

You closely miss the orc warrior.
The orc warrior is moderately wounded.
You miss the orc wizard. You hit the iguana but do no damage.
The orc warrior misses you. The iguana bites you! The orc wizard misses you.
Unknown command.
You barely miss the orc warrior.
The orc warrior is moderately wounded.
You barely miss the orc wizard. You barely miss the iguana.
The orc warrior barely misses you. The iguana barely misses you.
The orc wizard misses you. The orc warrior completely misses you.
The orc wizard points at you and mumbles some strange words.
The puff of flame hits you.
* * * LOW HITPOINT WARNING * * *
The iguana barely misses you.
You barely miss the orc warrior.
The orc warrior is moderately wounded.
You barely miss the orc wizard. You hit the iguana.
You block the orc warrior's attack.
The orc wizard gestures wildly while chanting.
The orc wizard flickers and vanishes!
Deactivating autopickup; reactivate with Ctrl-A.
The iguana misses you. You furiously retaliate!
You headbutt the iguana!
You kill the iguana!
You slash the orc warrior! Your headbutt misses the orc warrior.
The orc warrior is severely wounded.
You barely miss something. The orc warrior misses you.
Something hits you but does no damage.
Unknown command.
You barely miss the orc warrior.
The orc warrior is severely wounded.
You miss something.
The orc warrior hits you with a +0 glaive!
* * * LOW HITPOINT WARNING * * *
Something hits you but does no damage.
Unknown command.
You barely miss the orc warrior.
The orc warrior is severely wounded.
You completely miss something.
The orc warrior hits you with a +0 glaive!
You die...

#.#########.# #.#
#.# ##+# #.# ##...#
#.# #.....# #.##
$......## ##..#
......[.####...##
......{.'.......##
......)@##.........#
...?..o###.##..###>#
#.....# #.###.# #
##...# #.# .# ##+#
#.# .. #.# ##. #.#
.# #.# #..


You could see an orc warrior.

Vanquished Creatures
  Grinder (D:5)
  Sigmund (D:2)
  Duvessa (D:5)
  Pargi (Sewer)
  An ice beast (D:5)
  An ogre (D:4)
  Blork the orc (D:5)
  A bullfrog (D:4)
  Dowan (D:5)
  2 howler monkeys
  A hound (D:5)
  2 orc priests (D:6)
  A sleepcap (D:5)
  An orc wizard (D:6)
  Ijyb (D:5)
  3 iguanas
  5 gnolls
  3 adders
  A white imp (D:4)
  An ufetubus (D:5)
  3 worms (D:3)
  4 dart slugs
  3 orcs
  3 ball pythons
  9 endoplasms
  2 giant cockroaches (D:3)
  5 goblins
  5 hobgoblins
  17 jackals
  7 kobolds
  A quokka (D:1)
  3 bats
  A frilled lizard (D:2)
  3 rats
96 creatures vanquished.

Notes
Turn   | Place    | Note
-------+----------+-------------------------------------------
     0 | D:1      | qeuew the Minotaur Fighter began the quest for the Orb.
     0 | D:1      | Reached XP level 1. HP: 19/19 MP: 0/0
   216 | D:1      | Reached XP level 2. HP: 27/27 MP: 1/1
   242 | D:1      | Reached skill level 4 in Armour
   328 | D:1      | Reached skill level 1 in Dodging
   328 | D:1      | Reached XP level 3. HP: 20/33 MP: 2/2
   943 | D:2      | Found a faded altar of an unknown god.
  1402 | D:2      | Noticed Sigmund
  1418 | D:2      | Killed Sigmund
  1419 | D:2      | Reached skill level 5 in Armour
  1419 | D:2      | Reached XP level 4. HP: 10/41 MP: 3/3
  1419 | D:2      | Reached XP level 5. HP: 11/47 MP: 4/4
  1564 | D:2      | Found a runed translucent door.
  1565 | D:2      | Noticed Crazy Yiuf
  2401 | D:3      | Found a glowing drain.
  2405 | Sewer    | Entered a sewer
  2456 | Sewer    | Noticed Pargi
  2477 | Sewer    | Killed Pargi
  2478 | Sewer    | Reached XP level 6. HP: 44/53 MP: 5/5
  3150 | D:4      | Reached skill level 6 in Armour
  3150 | D:4      | Reached skill level 5 in Shields
  3170 | D:4      | Found Pejael's Weapon Boutique.
  3211 | D:4      | Reached skill level 5 in Fighting
  3219 | D:4      | Reached XP level 7. HP: 61/61 MP: 6/6
  3390 | D:4      | Found a basalt altar of Yredelemnul.
  3391 | D:4      | Found a shadowy altar of Dithmenos.
  3391 | D:4      | Found a blossoming altar of Fedhas.
  3393 | D:4      | Found a hazy altar of Hepliaklqana.
  3393 | D:4      | Found a white marble altar of Elyvilon.
  3396 | D:4      | Found a hide-covered altar of Uskayaw.
  3396 | D:4      | Found a snail-covered altar of Cheibriados.
  3547 | D:5      | Entered Level 5 of the Dungeon
  3571 | D:5      | Noticed Ijyb
  3581 | D:5      | Killed Ijyb
  3665 | D:5      | Noticed Blork the orc
  3677 | D:5      | Killed Blork the orc
  3747 | D:5      | Reached skill level 1 in Evocations
  4010 | D:5      | Reached skill level 7 in Armour
  4150 | D:5      | Noticed Duvessa
  4151 | D:5      | Noticed Dowan
  4164 | D:5      | Killed Dowan
  4168 | D:5      | Killed Duvessa
  4169 | D:5      | Reached skill level 5 in Axes
  4169 | D:5      | Reached XP level 8. HP: 9/70 MP: 7/7
  4177 | D:5      | Noticed Grinder
  4255 | D:5      | Killed Grinder
  4484 | D:6      | Slain by an orc warrior

Illustrated notes

Levels and vault maps discovered:
D:1:      dpeg_arrival_fog, layout_basic
D:2:      layout_loops_ring, ebering_ecumenical_altar_hall,
          uniq_crazy_yiuf_cottage, uniq_sigmund
D:3:      layout_basic, gup_sewer_entry_spiral
D:4:      layout_rooms, grunt_temple_overflow_open, serial_shops,
          nicolae_shop_bloodbath_and_beyond
D:5:      layout_gridville, chequers_serial_rivers_marsh, uniq_grinder,
          uniq_duvessa, uniq_blork_the_orc, uniq_ijyb
D:6:      layout_loops_corners, uniq_edmund

Skill      XL: |  1  2  3  4  5  6  7  8 |
---------------+-------------------------+-----
Armour         | 4 5 6 7 |  7.8
Dodging        | 1 2 3 4 |  4.2
Shields        | 4 5 6 |  6.1
Fighting       | 4 5 6 |  6.0
Axes           | 3 4 5 |  5.5
Evocations     | 1 2 |  2.2

Action                     |  1- 3 |  4- 6 |  7- 9 || total
---------------------------+-------+-------+-------++-------
  Melee: War axe           |    77 |    86 |   113 ||   276
         Headbutt          |    10 |    13 |    15 ||    38
    Use: Scroll            |     6 |     4 |     3 ||    13
         Potion            |     3 |     5 |     3 ||    11
 Armour: Scale mail        |    45 |    49 |    38 ||   132
  Dodge: Dodged            |    39 |    54 |    83 ||   176
  Block: Buckler           |    16 |    17 |    34 ||    67

Table legend: (Time is in decaauts)
 A = Elapsed time spent in this place.
 B = Non-inter-level travel time spent in this place.
 C = Inter-level travel time spent in this place.
 D = Time resting spent in this place.
 E = Time spent auto-exploring this place.
 F = Levels seen in this place.
 G = Mean time per level.
                   A        B        C        D        E       F      G
               +--------+--------+--------+--------+--------+-----+--------+
         Total |   4636 |   4354 |    282 |     41 |   3441 |   7 |  662.3 |
       Dungeon |   4490 |   4208 |    282 |     41 |   3355 |   6 |  748.3 |
         Sewer |    145 |    145 |      0 |      0 |     86 |   1 |  145.0 |
               +--------+--------+--------+--------+--------+-----+--------+

Top non-repeatable levels by time:
     D:2: 1241 daAuts
     D:3: 946 daAuts
     D:1: 915 daAuts
     D:5: 893 daAuts
     D:4: 418 daAuts
   Sewer: 145 daAuts
     D:6: 76 daAuts
